 Dungeon Crawl Stone Soup version 0.31-a0-233-g139696dc86 (webtiles) character file.

Game seed: 8317065715277289181

506 Decritt the Trooper (level 7, -3/45 HPs)
             Began as a Gargoyle Fighter on July 9, 2023.
             Slain by an ogre
             ... wielding a +0 giant club
              (24 damage)
             ... on level 4 of the Dungeon.
             The game lasted 00:04:46 (2665 turns).

Decritt the Trooper (Gargoyle Fighter)              Turns: 2665, Time: 00:04:47

Health: -3/45      AC: 14    Str: 22    XL:     7   Next: 18%
Magic:  7/7        EV:  8    Int:  8    God:
Gold:   328        SH:  8    Dex:  9    Spells: 6/6 levels left

rFire   . . .        a - +0 flail
rCold   . . .        j - +0 kite shield
rNeg    + . .        b - +0 scale mail
rPois   ∞            (no helmet)
rElec   +            l - +1 cloak
rCorr   .            (no gloves)
SInv    .            (no boots)
Will    .....        (no amulet) Stlth
                     (no ring)
HPRegen 0.27/turn    (no ring)
MPRegen 0.10/turn

%: no passive effects
@: no status effects
A: sickness immunity, AC +4, negative energy resistance 1, electricity
resistance, torment resistance 1, petrification resistance
a: no special abilities


You were on level 4 of the Dungeon.
You visited 2 branches of the dungeon, and saw 5 of its levels.

You collected 328 gold pieces.

Inventory:

Hand Weapons
 a - a +0 flail (weapon)
Missiles
 q - 2 throwing nets
Armour
 b - a +0 scale mail (worn)
 c - a +0 buckler
 j - a +0 kite shield (worn)
 l - a +1 cloak (worn)
Jewellery
 p - a ring of magical power
Wands
 s - a wand of digging (4)
Scrolls
 i - a scroll of noise {unknown}
 k - a scroll of fear {unknown}
 n - a scroll of teleportation
 o - a scroll of revelation {unknown}
 r - a scroll of enchant armour {unknown}
Potions
 d - a potion of might
 e - a potion of curing
 f - a potion of enlightenment {unknown}
 g - a potion of mutation {unknown}
 h - a potion of heal wounds
 m - a potion of lignification {unknown}


   Skills:
 * Level 5.7 Fighting
 * Level 4.6 Maces & Flails
 + Level 4.5 Armour
 + Level 4.5 Shields


You had 6 spell levels left.
You didn't know any spells.
Your spell library contained the following spells:

 Spells                   Type           Power      Damage    Failure   Level
 Lesser Beckoning         Tloc           0%         N/A       98%         2
 Gell's Gravitas          Tloc           0%         N/A       100%        3
 Teleport Other           Tloc           0%         N/A       100%        3


Dungeon Overview and Level Annotations

Branches:
Dungeon (4/15)             Temple (1/1) D:4

Altars:
Ashenzari
Cheibriados
Dithmenos
Gozag
Hepliaklqana
Makhleb
Nemelex Xobeh
Okawaru
Trog
Uskayaw
Vehumet
Wu Jian
Xom
Yredelemnul
Zin
The Shining One


Innate Abilities, Weirdness & Mutations

You are immune to sickness and miasma.
Your stone body is resilient. (AC +4)
You are immune to poison.
You resist negative energy. (rN+)
You are resistant to electric shocks. (rElec)
You are resistant to unholy torment.
You are immune to petrification.


Message History

The iguana is heavily wounded.
You block the iguana's attack.
The iguana bites you but does no damage.
You hit the iguana.
The iguana is almost dead.
You block the iguana's attack.
You thump the iguana!
You kill the iguana!
Something hits you but does no damage.
No target in view!
No target in view!
No target in view!
There is an open door here.
You hit the hobgoblin.
You kill the hobgoblin!
Something hits you but does no damage. The ogre misses you.
Something hits you but does no damage.
You sock the ogre!
The ogre is moderately wounded.
Something hits you.
You barely miss the ogre.
The ogre is moderately wounded.
The ogre completely misses you. Something hits you but does no damage.
You sock the ogre!
The ogre is almost dead.
The ogre barely misses you.
You hear some strange, mumbled words.
A magic dart appears from out of thin air!
The magic dart hits you but does no damage.
You hit the ogre.
The ogre is almost dead.
Something hits you but does no damage.
The ogre hits you with a +0 giant club!!
* * * LOW HITPOINT WARNING * * *
You hear some strange, mumbled words.
Something tries to affect you, but you resist.
The ogre attacks as you move away!
The ogre hits you with a +0 giant club!!
Ouch! That really hurt!
You die...

............#
#..≈≈≈≈≈~...≈≈≈≈≈≈.
............#
#...≈≈≈~≈≈≈≈≈≈≈≈≈..
............#
#.....≈≈)≈≈≈≈≈≈....
..###'#######
#.......≈≈≈≈≈...... ......#
#........[......... #.########
#....##.).[[.....##
..........##############.......#
##...#### #.....###### #.......#
.......# #.#.#.@{...# #.......#
.###.#.# #(....#O##.# #.......##
. #[#.# #.#.#.#s## #......... .#
#.#.# #.....#Os #......... .#
#.#.# ##'#######' #......).. .#
#.#.# #......#g..# #####.....
.###...###.#..#.#ss.# ##......##
........##......# O.# #.......#
.######.##......# ### #.......#


You could see 2 ogres and 2 scorpions.

Vanquished Creatures
  A black bear (D:4)
  A phantom (D:4)
  A hound (D:4)
  2 jellies (D:4)
  An orc priest (D:4)
  An iguana (D:4)
  2 orc wizards (D:4)
  A gnoll (D:3)
  4 adders
  2 white imps
  3 worms
  A dart slug (D:2)
  8 orcs
  6 bats
  8 endoplasms
  A giant cockroach (D:4)
  8 hobgoblins
  9 kobolds
  A quokka (D:2)
  4 ball pythons
  2 frilled lizards
  5 goblins
  4 rats
76 creatures vanquished.

Notes
Turn   | Place    | Note
-------+----------+-------------------------------------------
     0 | D:1      | Decritt the Gargoyle Fighter began the quest for the Orb.
     0 | D:1      | Reached XP level 1. HP: 14/14 MP: 1/1
   157 | D:1      | Reached XP level 2. HP: 18/19 MP: 2/2
   539 | D:2      | Found a shimmering altar of Xom.
   605 | D:2      | Reached XP level 3. HP: 15/24 MP: 3/3
   809 | D:2      | Reached skill level 4 in Fighting
   947 | D:2      | Reached XP level 4. HP: 25/29 MP: 4/4
  1675 | D:4      | Reached XP level 5. HP: 24/34 MP: 5/5
  1718 | D:4      | Noticed a black bear
  1736 | D:4      | Killed a black bear
  1737 | D:4      | Reached XP level 6. HP: 8/40 MP: 6/6
  1859 | D:4      | Found a staircase to the Ecumenical Temple.
  1862 | Temple   | Entered the Ecumenical Temple
  1892 | D:4      | Reached skill level 5 in Fighting
  2438 | D:4      | Reached XP level 7. HP: 22/44 MP: 7/7
  2665 | D:4      | Slain by an ogre

Illustrated notes

Levels and vault maps discovered:
D:1:      evilmike_arrival_fibonacci_small, layout_rooms,
          minmay_gold_behind_fungi, minmay_misc_feat_four_crosses
D:2:      layout_rooms, basic_altar
D:3:      layout_basic, minmay_ruptured
D:4:      minmay_clustersquares, layout_basic, temple_pool_b
Temple:   hellmonk_temple_two_chambers

Skill      XL: |  1  2  3  4  5  6 |
---------------+-------------------+-----
Fighting       | 4 5 |  5.7
Maces & Flails | 3 4 |  4.6
Armour         | 4 |  4.5
Shields        | 4 |  4.5

Action                     |  1- 3 |  4- 6 |  7- 9 || total
---------------------------+-------+-------+-------++-------
  Melee: Flail             |   132 |   184 |    17 ||   333
    Use: Potion            |       |     2 |       ||     2
         Scroll            |       |     4 |       ||     4
 Armour: Scale mail        |    91 |   191 |    11 ||   293
  Dodge: Dodged            |    74 |    92 |     3 ||   169
  Block: Buckler           |    21 |       |       ||    21
         Kite shield       |     6 |    89 |     5 ||   100

Table legend: (Time is in decaauts)
 A = Elapsed time spent in this place.
 B = Non-inter-level travel time spent in this place.
 C = Inter-level travel time spent in this place.
 D = Time resting spent in this place.
 E = Time spent auto-exploring this place.
 F = Levels seen in this place.
 G = Mean time per level.
                   A        B        C        D        E       F      G
               +--------+--------+--------+--------+--------+-----+--------+
         Total |   2778 |   2709 |     69 |    255 |   1653 |   5 |  555.6 |
       Dungeon |   2757 |   2691 |     66 |    255 |   1643 |   4 |  689.2 |
        Temple |     21 |     18 |      3 |      0 |     10 |   1 |   21.0 |
               +--------+--------+--------+--------+--------+-----+--------+

Top non-repeatable levels by time:
     D:4: 1016 daAuts
     D:2: 632 daAuts
     D:3: 575 daAuts
     D:1: 533 daAuts
  Temple: 21 daAuts
